 Dungeon Crawl Stone Soup version 0.30-a0-629-gd54f4be4f7 (webtiles) character file.

Game seed: 10823762559627940439

556 pokeman the Magician (level 7, -2/30 (38) HPs)
             Began as a Deep Elf Hedge Wizard on Jan 12, 2023.
             Was an Initiate of Vehumet.
             Slain by a wight
             ... wielding a +1 mace
              (3 damage)
             ... on level 4 of the Dungeon.
             The game lasted 00:10:07 (4929 turns).

pokeman the Magician (Deep Elf Hedge Wizard)        Turns: 4929, Time: 00:10:08

HP:   -2/30 (38)    AC:  3    Str:  7    XL:     7   Next: 8%
MP:   4/20          EV: 13    Int: 21    God:    Vehumet [......]
Gold: 57            SH:  0    Dex: 14    Spells: 10/21 levels left

rFire   . . .      SeeInvis .    A - +2 flail (holy)
rCold   . . .      Faith    .    (no shield)
rNeg    . . .      Spirit   .    b - +0 robe
rPois   .          Reflect  .    c - +0 hat
rElec   .          Harm     .    (no cloak)
rCorr   .          Rampage  .    (no gloves)
Will    .....                    j - +0 pair of boots
Stlth   ++                       (no amulet)
HPRegen 0.25/turn                (no ring)
MPRegen 0.17/turn                (no ring)

@: heavily drained
A: no striking features
a: Renounce Religion


You were on level 4 of the Dungeon.
You worshipped Vehumet.
Vehumet was noncommittal.
You visited 2 branches of the dungeon, and saw 6 of its levels.

You collected 155 gold pieces.
You spent 98 gold pieces at shops.

Inventory:

Hand Weapons
 A - a +2 flail of holy wrath (weapon)
Missiles
 o - 4 curare-tipped darts
Armour
 b - a +0 robe (worn)
 c - a +0 hat (worn)
 j - a +0 pair of boots (worn)
Magical Staves
 n - a staff of fire
Scrolls
 h - 2 scrolls of enchant armour {unknown}
 i - 2 scrolls of fear {unknown}
 k - a scroll of blinking {unknown}
 m - a scroll of immolation {unknown}
 p - 4 scrolls of amnesia {unknown}
 t - 2 scrolls of noise {unknown}
 w - a scroll of magic mapping {unknown}
 x - a scroll of fog {unknown}
 y - 3 scrolls of identify {unknown}
 z - a scroll of teleportation {unknown}
Potions
 a - 2 potions of cancellation {unknown}
 d - a potion of magic
 e - a potion of brilliance {unknown}
 f - a potion of curing {unknown}
 g - 2 potions of flight {unknown}
 l - 2 potions of ambrosia {unknown}
 r - a potion of lignification {unknown}
 s - a potion of resistance {unknown}
 u - 2 potions of might {unknown}
 v - 2 potions of haste {unknown}


   Skills:
 - Level 1.0 Fighting
 - Level 1.0 Armour
 - Level 3.0 Dodging
 - Level 3.0 Stealth
 * Level 7.8 Spellcasting
 + Level 3.8 Conjurations
 - Level 1.1 Summonings
 - Level 1.1 Translocations
 - Level 1.1 Fire Magic
 - Level 1.3 Air Magic
 - Level 1.1 Earth Magic
 - Level 1.4 Poison Magic
 - Level 1.1 Evocations


You had 10 spell levels left.
You knew the following spells:

 Your Spells              Type           Power      Damage    Failure   Level
a - Magic Dart            Conj           96%        1d7       1%          1
b - Mephitic Cloud        Conj/Pois/Air  17%        N/A       10%         3
c - Call Imp              Summ           12%        N/A       8%          2
d - Blink                 Tloc           24%        N/A       8%          2
e - Stone Arrow           Conj/Erth      36%        3d9       9%          3

Your spell library contained the following spells:

 Spells                   Type           Power      Damage    Failure   Level
 Sandblast                Erth           26%        2d8       4%          1
 Necrotise                Necr           32%        1d5       9%          1
 Slow                     Hex            32%        N/A       9%          1
 Cigotuvi's Dreadful Rot  Necr/Pois/Air  22%        N/A       9%          2
 Passwall                 Tmut/Erth      8%         N/A       10%         2
 Vampiric Draining        Necr           8%         2d6       24%         3
 Agony                    Necr           8%         N/A       92%         5


Dungeon Overview and Level Annotations

Branches:
Dungeon (5/15)             Temple (1/1) D:4

Altars:
Ashenzari
Dithmenos
Elyvilon
Fedhas
Hepliaklqana
Makhleb
Qazlal
Ru
Sif Muna
Uskayaw
Vehumet
Wu Jian
Xom
Yredelemnul
Zin

Shops:
D:3 =   D:4 *


Message History

Aim: a wight, wielding a +1 mace and wearing a +0 robe (severely damaged, 100% to hit)
The magic dart hits the wight but does no damage.
The wight is severely damaged.
The wight hits you with a +1 mace.
You feel drained.
Casting: Magic Dart (safe; 1% risk of failure)
Confirm with . or Enter, or press ? or * to list all spells.
Aiming: Magic Dart (safe; 1% risk of failure)
Press: ? - help, Shift-Dir - straight line, f/p - wight
Aim: a wight, wielding a +1 mace and wearing a +0 robe (severely damaged, 100% to hit)
The magic dart hits the wight but does no damage.
The wight is severely damaged.
The wight barely misses you.
Casting: Magic Dart (safe; 1% risk of failure)
Confirm with . or Enter, or press ? or * to list all spells.
Aiming: Magic Dart (safe; 1% risk of failure)
Press: ? - help, Shift-Dir - straight line, f/p - wight
Aim: a wight, wielding a +1 mace and wearing a +0 robe (severely damaged, 100% to hit)
The magic dart hits the wight but does no damage.
The wight is severely damaged.
The wight hits you with a +1 mace.
You feel drained.
* * * LOW HITPOINT WARNING * * *
Casting: Magic Dart (safe; 1% risk of failure)
Confirm with . or Enter, or press ? or * to list all spells.
Aiming: Magic Dart (safe; 1% risk of failure)
Press: ? - help, Shift-Dir - straight line, f/p - wight
Aim: a wight, wielding a +1 mace and wearing a +0 robe (severely damaged, 100% to hit)
The magic dart hits the wight.
The wight is severely damaged.
The wight hits you with a +1 mace!
* * * LOW HITPOINT WARNING * * *
You feel drained.
Casting: Magic Dart (safe; 1% risk of failure)
Confirm with . or Enter, or press ? or * to list all spells.
Aiming: Magic Dart (safe; 1% risk of failure)
Press: ? - help, Shift-Dir - straight line, f/p - wight
Aim: a wight, wielding a +1 mace and wearing a +0 robe (severely damaged, 100% to hit)
The magic dart hits the wight but does no damage.
The wight is severely damaged.
The wight hits you with a +1 mace.
You die...

............................##.#.
.#.###.###.#####......#..........
...........#####.<.#..#.######.#.
........................# ##.....
...........##.#....<..#.###......
...........##.##.........).......
.....#.#......##......#.######...
.....#.##..##..#......##.# #...
...........##...@.....##.# #...
.....#.##.....##.z....##.#####...
.................................
.......##........................
.......##..#..##.##.#..#.##.##..#
.......##..#.....................
.......##..#..##.##.##.#.##.##.(#
..............##.##.##.#.........
.............###.##.##.#.........


You could see a wight.

Vanquished Creatures
  2 ogres
  A scorpion (D:4)
  A hound (D:5)
  7 adders
  An ufetubus (D:4)
  2 worms
  6 dart slugs
  3 orcs
  3 bats
  5 endoplasms
  A giant cockroach (D:2)
  5 goblins
  4 hobgoblins
  3 jackals (D:1)
  9 kobolds
  9 quokkas
  10 ball pythons
  2 frilled lizards
  7 rats
81 creatures vanquished.

Vanquished Creatures (collateral kills)
  An ice beast (D:5)
  An iguana (D:4)
  An adder (D:2)
  A worm (D:3)
  An endoplasm (D:4)
  A giant cockroach (D:4)
6 creatures vanquished.

Grand Total: 87 creatures vanquished

Notes
Turn   | Place    | Note
-------+----------+-------------------------------------------
     0 | D:1      | pokeman the Deep Elf Hedge Wizard began the quest for the
                  | Orb.
     0 | D:1      | Reached XP level 1. HP: 10/10 MP: 7/7
   189 | D:1      | Reached XP level 2. HP: 16/16 MP: 3/9
   718 | D:1      | Reached skill level 5 in Spellcasting
   917 | D:1      | Reached XP level 3. HP: 17/20 MP: 5/11
   921 | D:1      | Learned a level 3 spell: Mephitic Cloud
   924 | D:1      | Learned a level 2 spell: Call Imp
   927 | D:1      | Learned a level 2 spell: Blink
  1551 | D:2      | Reached skill level 1 in Armour
  1629 | D:2      | Reached skill level 1 in Fighting
  1766 | D:2      | Reached XP level 4. HP: 21/25 MP: 3/13
  2440 | D:3      | Learned a level 3 spell: Stone Arrow
  2620 | D:3      | Reached skill level 6 in Spellcasting
  2658 | D:3      | Found Itoasmeps's Jewellery Emporium.
  2745 | D:3      | Reached XP level 5. HP: 29/29 MP: 13/15
  3531 | D:4      | Found Zyeth's Assorted Antiques.
  3537 | D:4      | Bought a grey potion for 19 gold pieces
  3537 | D:4      | Bought a blue potion for 19 gold pieces
  3537 | D:4      | Bought an emerald potion for 19 gold pieces
  3537 | D:4      | Bought an emerald potion for 19 gold pieces
  3537 | D:4      | Bought a scroll labelled MURU FETERAPIG for 22 gold pieces
  3703 | D:4      | Reached skill level 1 in Evocations
  3979 | D:4      | Reached skill level 1 in Fire Magic
  4117 | D:4      | Noticed an ogre
  4136 | D:4      | Killed an ogre
  4137 | D:4      | Reached skill level 1 in Poison Magic
  4137 | D:4      | Reached XP level 6. HP: 7/34 MP: 11/17
  4488 | D:4      | Found a staircase to the Ecumenical Temple.
  4497 | Temple   | Entered the Ecumenical Temple
  4550 | Temple   | Became a worshipper of Vehumet
  4617 | D:5      | Entered Level 5 of the Dungeon
  4623 | D:5      | Found a hide-covered altar of Uskayaw.
  4649 | D:5      | Reached skill level 7 in Spellcasting
  4736 | D:5      | Noticed an ice beast
  4741 | D:5      | Reached skill level 1 in Air Magic
  4741 | D:5      | Reached skill level 1 in Earth Magic
  4754 | D:5      | Killed an ice beast
  4755 | D:5      | Reached XP level 7. HP: 16/38 MP: 7/20
  4928 | D:4      | HP: 1/32 [wight/+1 mace (9)]
  4929 | D:4      | Slain by a wight

Illustrated notes

Levels and vault maps discovered:
D:1:      beargit_arrival_diablo_church, layout_loops_ring, hex_medium
D:2:      wander_river, layout_basic
D:3:      layout_loops_corners, serial_shops, nicolae_shop_statue_plus
D:4:      layout_basic, minmay_temple_entry_fiery, serial_shops,
          nicolae_square_shop
D:5:      layout_rooms, lemuel_crystal_altar
Temple:   zaba_magenta_temple

Skill      XL: |  1  2  3  4  5  6 |
---------------+-------------------+-----
Spellcasting   | 5 6 7 |  7.8
Armour         | 1 |  1.0
Conjurations   | 2 3 |  3.8
Fighting       | 1 |  1.0
Dodging        | 3 |  3.0
Stealth        | 3 |  3.0
Evocations     | 1 |  1.1
Fire Magic     | 1 |  1.1
Poison Magic   | 1 |  1.4
Air Magic      | 1 |  1.3
Earth Magic    | 1 |  1.1
Summonings     | |  1.1
Translocations | |  1.1

Action                   |  1- 3 |  4- 6 |  7- 9 || total
-------------------------+-------+-------+-------++-------
Melee: Dagger            |    25 |    23 |       ||    48
       Flail             |       |     5 |       ||     5
Throw: Dart              |       |     4 |       ||     4
 Cast: Magic Dart        |   112 |    96 |    16 ||   224
       Call Imp          |     1 |     5 |     3 ||     9
       Mephitic Cloud    |       |     4 |     1 ||     5
       Blink             |       |     1 |       ||     1
 Stab: Sleeping          |       |     2 |       ||     2
       Confused          |       |     2 |       ||     2
Armor: Robe              |     8 |     7 |       ||    15
Dodge: Dodged            |    21 |    21 |     4 ||    46

Table legend: (Time is in decaauts)
 A = Elapsed time spent in this place.
 B = Non-inter-level travel time spent in this place.
 C = Inter-level travel time spent in this place.
 D = Time resting spent in this place.
 E = Time spent auto-exploring this place.
 F = Levels seen in this place.
 G = Mean time per level.
                   A        B        C        D        E       F      G
               +--------+--------+--------+--------+--------+-----+--------+
         Total |   4966 |   4822 |    144 |      0 |   4194 |   6 |  827.7 |
       Dungeon |   4895 |   4767 |    128 |      0 |   4153 |   5 |  979.0 |
        Temple |     70 |     54 |     16 |      0 |     41 |   1 |   70.0 |
               +--------+--------+--------+--------+--------+-----+--------+

Top non-repeatable levels by time:
     D:1: 1545 daAuts
     D:3: 1238 daAuts
     D:4: 1062 daAuts
     D:2: 741 daAuts
     D:5: 308 daAuts
  Temple: 70 daAuts
